 Dungeon Crawl Stone Soup version 0.25-a0-306-g3faca94 (webtiles) character file.

Game seed: 17494284819230331963, levelgen mode: deterministic

27 Birdy the Firebug (level 3, -4/36 HPs)
             Began as an Ogre Fire Elementalist on Dec 21, 2019.
             Slain by a worm (7 damage)
             ... on level 2 of the Dungeon.
             The game lasted 00:02:17 (821 turns).

Birdy the Firebug (Ogre Fire Elementalist)           Turns: 821, Time: 00:02:18

Health: -4/36      AC:  3    Str: 12    XL:     3   Next: 10%
Magic:  2/6        EV: 10    Int: 17    God:
Gold:   33         SH:  0    Dex:  9    Spells: 5/6 levels left

rFire    . . .     SeeInvis .   f - +0 dagger
rCold    . . .     Gourm    .   (no shield)
rNeg     . . .     Faith    .   a - +0 robe
rPois    .         Spirit   .   (helmet restricted)
rElec    .         Reflect  .   (no cloak)
rCorr    .         Harm     .   (gloves unavailable)
MR       .....                  (boots unavailable)
Stlth    ++........             (no amulet)
HPRegen  0.12/turn              (no ring)
MPRegen  0.10/turn              (no ring)

@: very slightly contaminated
A: large, unfitting armour, tough skin 1
a: no special abilities


You were on level 2 of the Dungeon.
You were not hungry.

You visited 1 branch of the dungeon, and saw 3 of its levels.

You collected 33 gold pieces.

Inventory:

Hand Weapons
 f - a +0 dagger (weapon)
Missiles
 e - 5 boomerangs of dispersal (quivered)
Armour
 a - a +0 robe (worn)
Scrolls
 d - 3 scrolls of identify {unknown}
Potions
 b - 2 potions of heal wounds {unknown}
 g - a potion of curing {unknown}
 h - 2 potions of ambrosia {unknown}
Comestibles
 c - a ration


   Skills:
 + Level 2.3 Fighting
 - Level 1.7 Dodging
 + Level 2.2 Stealth
 - Level 2.4 Spellcasting
 - Level 0.8 Conjurations
 - Level 2.6 Fire Magic


You had 5 spell levels left.
You knew the following spells:

 Your Spells              Type           Power        Failure   Level  Hunger
a - Foxfire               Conj/Fire      #...         9%          1    #......

Your spell library contained the following spells:

 Spells                   Type           Power        Failure   Level  Hunger
 Conjure Flame            Conj/Fire      #.......     26%         3    ###....
 Inner Flame              Hex/Fire       #.......     32%         3    ###....
 Sticky Flame             Conj/Fire      #.......     65%         4    #####..
 Fireball                 Conj/Fire      #.........   94%         5    ######.


Dungeon Overview and Level Annotations

Branches:
Dungeon (3/15)

Altars:

Annotations:
D:3 Natasha


Innate Abilities, Weirdness & Mutations

You are too large for most types of armour.
You have tough skin. (AC +1)


Message History

You don't have enough magic to cast that spell.
Casting: Foxfire (safe; 9% risk of failure)
Confirm with . or Enter, or press ? or * to list all spells.
You conjure some foxfire!
The foxfire hits the worm but does no damage.
The worm is lightly wounded.
The foxfire hits the worm.
The worm is moderately wounded.
Casting: Foxfire (safe; 9% risk of failure)
Confirm with . or Enter, or press ? or * to list all spells.
You miscast Foxfire.
You are very lightly contaminated with residual magic.
Wisps of smoke drift from your hands. The worm bites you.
There is an escape hatch in the ceiling here.
The worm bites you!
* * * LOW HITPOINT WARNING * * *
There is an escape hatch in the ceiling here.
The worm bites you!
You die...

.........###.## . ..............
.. #+#...........# ..###
#.............### ....#
#...............# .
#.#########............##.#####
..#..........##..................
#.#..†.......##.w.........<.#
..)..........##.@<.......###.....
..#)>.........#..........# #### #
#)).........#######+####
#............# #......(.###.#
####.....# .# ####### .# #


You could see a worm.

Vanquished Creatures
  2 leopard geckos
  2 orcs (D:2)
  2 giant cockroaches
  4 goblins
  2 hobgoblins (D:1)
  5 kobolds
  A ball python (D:1)
  2 bats (D:1)
  A rat (D:1)
21 creatures vanquished.

Vanquished Creatures (others)
  40 foxfires
40 creatures vanquished.

Grand Total: 61 creatures vanquished

Notes
Turn   | Place    | Note
-------+----------+-------------------------------------------
     0 | D:1      | Birdy the Ogre Fire Elementalist began the quest for the
                  | Orb.
     0 | D:1      | Reached XP level 1. HP: 16/16 MP: 3/3
    38 | D:1      | Reached skill level 1 in Fighting
    75 | D:1      | Reached XP level 2. HP: 20/27 MP: 1/5
   717 | D:3      | Noticed Natasha
   736 | D:2      | Reached XP level 3. HP: 25/35 MP: 0/6
   821 | D:2      | Slain by a worm

Levels and vault maps discovered:
D:1:      dpeg_arrival_orchard, layout_basic, minmay_heptomino_w4
D:2:      layout_basic, tgw_trog, overflow_temple_1_default,
          uniq_crazy_yiuf_cottage, uniq_jessica
D:3:      layout_rooms, uniq_natasha

Skill      XL: |  1  2 |
---------------+-------+-----
Fighting       | 1 2 |  2.3
Stealth        | 2 |  2.2
Dodging        | |  1.7
Spellcasting   | |  2.4
Conjurations   | |  0.8
Fire Magic     | |  2.6

Action                   || total
-------------------------++-------
Melee: Unarmed           ||    24
       Dagger            ||    49
 Cast: Foxfire           ||    23
Armor: Robe              ||    19
Dodge: Dodged            ||    48

Table legend:
 A = Non-vault XP
 B = Vault XP
 C = Vault XP percentage of total XP
 D = Non-vault monster count
 E = Vault monster count
 F = Vault count percentage of total count
                 A         B        C        D         E       F
            +---------+---------+-------+---------+---------+-------
      Total |      39 |       0 |   0.0 |      21 |       0 |   0.0
            +---------+---------+-------+---------+---------+-------
        D:1 |      21 |       0 |   0.0 |      12 |       0 |   0.0
        D:2 |      16 |       0 |   0.0 |       8 |       0 |   0.0
        D:3 |       2 |       0 |   0.0 |       1 |       0 |   0.0
            +---------+---------+-------+---------+---------+-------
